 Dungeon Crawl Stone Soup version 0.29.0-4-gdea44cf6ec (webtiles) character file.

Game seed: 15408619309000996839

145 qw the Chopper (level 5, -1/30 HPs)
             Began as a Tengu Warper on Aug 28, 2022.
             Slain by a water moccasin zombie (3 damage)
             ... on level 4 of the Dungeon.
             The game lasted 00:00:18 (3030 turns).

qw the Chopper (Tengu Warper)                       Turns: 3030, Time: 00:00:19

Health: -1/30      AC: 10    Str: 14      XL:     5   Next: 27%
Magic:  0/9        EV:  7    Int: 13 (15) God:
Gold:   114        SH:  0    Dex: 12 (13) Spells: 8/8 levels left

rFire   + + +      SeeInvis .   Y - +2 hand axe
rCold   + . .      Faith    .   (no shield)
rNeg    + . .      Spirit   +   a - +2 chain mail "Nuagoat" {rF+++ rCorr Int+2 Stlth-}
rPois   .          Reflect  .   (helmet restricted)
rElec   .          Harm     .   (no cloak)
rCorr   +          Rampage  .   (no gloves)
Will    .....                   (boots unavailable)
Stlth   ..........              k - amulet of guardian spirit
HPRegen 0.10/turn               f - ring of positive energy
MPRegen 0.11/turn               n - ring of protection from cold

@: flying quickly and evasively, quick
A: beak, talons 3, nimble flight
a: no special abilities


You were on level 4 of the Dungeon.
You visited 1 branch of the dungeon, and saw 4 of its levels.

You collected 114 gold pieces.


Innate Abilities, Weirdness & Mutations

You have a beak for a mouth.
You have claws for feet.
Your magical nature lets you fly swiftly and evasively.


   Skills:
 - Level 2.0 Fighting
 + Level 5.8 Axes
 - Level 1.0 Throwing
 - Level 1.1 Armour
 - Level 2.1 Dodging
 - Level 2.0 Spellcasting
 - Level 2.4 Translocations


You had 8 spell levels left.
You didn't know any spells.
Your spell library contained the following spells:

 Spells                   Type           Power      Damage    Failure   Level
 Blink                    Tloc           14%        N/A       99%         2
 Gell's Gravitas          Tloc           7%         N/A       100%        3
 Lesser Beckoning         Tloc           7%         N/A       100%        3
 Teleport Other           Tloc           7%         N/A       100%        3
 Manifold Assault         Tloc           7%         N/A       100%        5

Inventory:

Hand Weapons
 e - a +0 club
 Y - a +2 hand axe (weapon)
Armour
 a - the +2 chain mail "Nuagoat" (worn) {rF+++ rCorr Int+2 Stlth-}
   (You found it on level 2 of the Dungeon)

   Int:       It affects your intelligence (+2).
   rF:        It renders you almost immune to fire.
   rCorr:     It protects you from acid and corrosion.
   Stlth:     It makes you less stealthy.
Jewellery
 f - a ring of positive energy (left hand)
 k - an amulet of guardian spirit (around neck)
 n - a ring of protection from cold (right hand)
Scrolls
 c - a scroll of identify
Potions
 d - 2 potions of curing
 g - a potion of mutation
 j - a potion of heal wounds {unknown}
 m - a potion of berserk rage {unknown}

Dungeon Overview and Level Annotations

Branches:
Dungeon (4/15)
 Temple: D:4-7

Altars:
Gozag
Vehumet

Shops:
D:1 :


Message History

The scorpion zombie hits you but does no damage.
The scorpion zombie barely misses you.
You slash the scorpion zombie! You claw the scorpion zombie.
Your peck misses the scorpion zombie.
The scorpion zombie is almost destroyed.
The scorpion zombie hits you.
You hit the scorpion zombie.
You destroy the scorpion zombie!
You feel your strength returning.
You slash the water moccasin zombie!
Your kick misses the water moccasin zombie.
The water moccasin zombie is lightly damaged.
The water moccasin zombie bites you.
You barely miss the water moccasin zombie.
The water moccasin zombie is lightly damaged.
The water moccasin zombie bites you.
The water moccasin zombie bites you but does no damage.
You barely miss the water moccasin zombie.
Your kick misses the water moccasin zombie.
The water moccasin zombie is lightly damaged.
The water moccasin zombie barely misses you.
You slash the water moccasin zombie! You claw the water moccasin zombie!
The water moccasin zombie is heavily damaged.
The water moccasin zombie bites you but does no damage.
You slash the water moccasin zombie!
Your kick misses the water moccasin zombie.
The water moccasin zombie is severely damaged.
The water moccasin zombie bites you but does no damage.
You hit the water moccasin zombie.
Your peck misses the water moccasin zombie.
The water moccasin zombie is severely damaged.
The water moccasin zombie bites you but does no damage.
You completely miss the water moccasin zombie.
You peck the water moccasin zombie, but do no damage.
The water moccasin zombie is severely damaged.
The water moccasin zombie bites you. x2
You slash the water moccasin zombie! You claw the water moccasin zombie.
The water moccasin zombie is almost destroyed.
The water moccasin zombie bites you.
You die...

# # # # 7 # .7
7.####### .7
......%.<
#####.7..7...######%
#..@Z.<.... ......
#.####..... #####.
#.# #.# ## #.# ... #
#.# #.# #.# #.# #.#
#.########## #.#
#.#......... #.#
#####.#.########


You could see a water moccasin zombie.

Vanquished Creatures
  A bullfrog zombie (D:4)
  A scorpion zombie (D:4)
  2 adders
  A worm (D:2)
  2 dart slugs
  An orc (D:3)
  A bat (D:2)
  5 endoplasms
  3 giant cockroaches
  3 hobgoblins
  6 jackals
  5 quokkas
  10 ball pythons
  5 frilled lizards
  5 goblins
  5 kobolds
  5 rats
61 creatures vanquished.

Notes
Turn   | Place    | Note
-------+----------+-------------------------------------------
     0 | D:1      | qw the Tengu Warper began the quest for the Orb.
     0 | D:1      | Reached XP level 1. HP: 12/12 MP: 4/4
     0 | D:1      | 0 ||| qw: Version: 0.1-a-89-g26bdef1
     0 | D:1      | 0 ||| qw: Game counter: 725
     0 | D:1      | 0 ||| qw: Always use a shield: true
     0 | D:1      | 0 ||| qw: God list: Okawaru
     0 | D:1      | 0 ||| qw: Allow faded altars: false
     0 | D:1      | 0 ||| qw: Do Orc after D:15 true
     0 | D:1      | 0 ||| qw: Do second Lair branch before Depths: true
     0 | D:1      | 0 ||| qw: Lair rune preference: random
     0 | D:1      | 0 ||| qw: Plans: Normal
     0 | D:1      | 0 ||| PLANNING D:1-11
   169 | D:1      | 169 ||| Stepping ~*~*~tactically~*~*~ (stealth).
   182 | D:1      | Reached XP level 2. HP: 14/17 MP: 6/6
   188 | D:1      | Reached skill level 3 in Axes
   345 | D:1      | 345 ||| Stepping ~*~*~tactically~*~*~ (stealth).
   353 | D:1      | Found Atuinuysk's Book Boutique.
  1042 | D:1      | 1042 ||| UPGRADING to +0 ring mail.
  1052 | D:1      | 1052 ||| DROPPING +0 leather armour.
  1053 | D:1      | 1053 ||| UPGRADING to ring of positive energy.
  1054 | D:1      | 1054 ||| READING scroll labelled EHEZI VIHOQE.
  1055 | D:1      | 1055 ||| DRINKING 2 white potions.
  1056 | D:1      | 1056 ||| DRINKING 2 pink potions.
  1057 | D:1      | 1057 ||| DROPPING scroll of blinking.
  1058 | D:1      | 1058 ||| DROPPING potion of invisibility.
  1079 | D:2      | Found a radiant altar of Vehumet.
  1156 | D:2      | Identified the +2 chain mail "Nuagoat" {rF+++ rCorr Int+2
                  | Stlth-}
  1186 | D:2      | Reached XP level 3. HP: 21/21 MP: 7/7
  1199 | D:2      | 1199 ||| Stepping ~*~*~tactically~*~*~ (stealth).
  1252 | D:2      | Reached skill level 4 in Axes
  1309 | D:2      | 1309 ||| Stepping ~*~*~tactically~*~*~ (stealth).
  1832 | D:2      | Reached XP level 4. HP: 26/26 MP: 8/8
  2204 | D:2      | 2204 ||| UPGRADING to +2 chain mail "Nuagoat" {rF+++ rCorr
                  | Int+2 Stlth-}.
  2214 | D:2      | 2214 ||| DROPPING +0 ring mail.
  2215 | D:2      | 2215 ||| UPGRADING to amulet of guardian spirit.
  2220 | D:2      | 2220 ||| READING scroll labelled KUPAGR ZUT HOSK.
  2221 | D:2      | 2221 ||| READING 3 scrolls labelled USICRA CAEDE.
  2222 | D:2      | 2222 ||| READING 2 scrolls labelled RUSCHO ROUSAR.
  2223 | D:2      | 2223 ||| READING scroll of enchant weapon.
  2223 | D:2      | 2223 ||| ENCHANTING +1 hand axe.
  2224 | D:2      | 2224 ||| READING scroll labelled YQEPRE DITUA.
  2227 | D:2      | 2227 ||| READING 2 scrolls of identify.
  2227 | D:2      | 2227 ||| IDENTIFYING bubbling amethyst potion
  2308 | D:3      | 2308 ||| Stepping ~*~*~tactically~*~*~ (stealth).
  2650 | D:3      | Found an opulent altar of Gozag.
  2763 | D:3      | 2763 ||| UPGRADING to ring of protection from cold.
  2764 | D:3      | 2764 ||| READING scroll labelled GUXKEE ENETAU.
  2765 | D:3      | 2765 ||| DRINKING 2 metallic dark potions.
  2766 | D:3      | 2766 ||| READING 2 scrolls of identify.
  2766 | D:3      | 2766 ||| IDENTIFYING lumpy green potion
  2767 | D:3      | 2767 ||| DROPPING potion of lignification.
  2768 | D:3      | 2768 ||| DROPPING potion of degeneration.
  2838 | D:3      | 2838 ||| READING scroll of teleportation.
  2839 | D:3      | 2839 ||| STAIRDANCE
  2874 | D:3      | 2874 ||| Stepping randomly (stuck).
  2897 | D:4      | Reached skill level 5 in Axes
  3013 | D:4      | Gained mutation: Your magical nature lets you fly swiftly
                  | and evasively. [Tengu growth]
  3013 | D:4      | Reached XP level 5. HP: 20/30 MP: 5/9
  3029 | D:4      | HP: 4/30 [water moccasin zombie (5)]
  3029 | D:4      | HP: 1/30 [water moccasin zombie (3)]
  3030 | D:4      | Slain by a water moccasin zombie

Levels and vault maps discovered:
D:1:      wander_arrival_desolate, layout_basic, serial_shops,
          nicolae_shop_behind_doors
D:2:      layout_basic, basic_altar, minmay_split_cup_large
D:3:      layout_basic, nicolae_overflow_hidden_temple, serial_park_tiny_2,
          amcnicky_mini_corridor_feature, minmay_misc_feat_enclosed
D:4:      layout_loops_ring, nicolae_vehumet_altar_sigil,
          nicolae_yredelemnul_corpse_copse, uniq_robin

Skill      XL: |  1  2  3  4 |
---------------+-------------+-----
Axes           | 3 4 5 |  5.8
Fighting       | |  2.0
Throwing       | |  1.0
Armour         | |  1.1
Dodging        | |  2.1
Spellcasting   | |  2.0
Translocations | |  2.4

Action                   |  1- 3 |  4- 6 || total
-------------------------+-------+-------++-------
Melee: Hand axe          |    90 |    73 ||   163
       Peck              |     9 |    10 ||    19
       Kick              |    18 |    13 ||    31
       Punch             |       |     1 ||     1
Throw: Boomerang         |     7 |       ||     7
  Use: Potion            |     2 |     1 ||     3
       Scroll            |     1 |     9 ||    10
Armor: Leather armour    |    13 |       ||    13
       Ring mail         |    13 |     4 ||    17
       Chain mail        |       |    41 ||    41
Dodge: Dodged            |    36 |    15 ||    51

Table legend:
 A = Non-vault XP
 B = Vault XP
 C = Vault XP percentage of total XP
 D = Non-vault monster count
 E = Vault monster count
 F = Vault count percentage of total count
                 A         B        C        D         E       F
            +---------+---------+-------+---------+---------+-------
      Total |     118 |      90 |  43.3 |      55 |       6 |   9.8
            +---------+---------+-------+---------+---------+-------
        D:1 |      32 |       0 |   0.0 |      20 |       0 |   0.0
        D:2 |      45 |      11 |  19.6 |      20 |       4 |  16.7
        D:3 |      14 |       0 |   0.0 |       8 |       0 |   0.0
        D:4 |      27 |      79 |  74.5 |       7 |       2 |  22.2
            +---------+---------+-------+---------+---------+-------
